 Dungeon Crawl Stone Soup version 0.28-a0-1143-gcf6077d4cc (webtiles) character file.

Game seed: 12408800237873492734

53 leviel the Skirmisher (level 3, -1/33 HPs)
             Began as a Hill Orc Fighter on Dec 14, 2021.
             Slain by an adder (3 damage)
             ... on level 2 of the Dungeon.
             The game lasted 00:01:19 (1619 turns).

leviel the Skirmisher (Hill Orc Fighter)            Turns: 1619, Time: 00:01:20

Health: -1/33      AC:  7    Str: 20    XL:     3   Next: 87%
Magic:  3/3        EV:  9    Int:  8    God:
Gold:   84         SH:  4    Dex: 10    Spells: 2/2 levels left

rFire   . . .      SeeInvis .   a - +0 war axe
rCold   . . .      Faith    .   c - +0 buckler
rNeg    . . .      Spirit   .   b - +0 scale mail
rPois   .          Reflect  .   (no helmet)
rElec   .          Harm     .   (no cloak)
rCorr   .          Rampage  .   (no gloves)
Will    .....                   (no boots)
Stlth   ..........              (no amulet)
HPRegen 0.11/turn               (no ring)
MPRegen 0.08/turn               (no ring)

@: no status effects
A: no striking features
a: no special abilities


You were on level 2 of the Dungeon.
You visited 1 branch of the dungeon, and saw 2 of its levels.

You collected 84 gold pieces.

Inventory:

Hand Weapons
 a - a +0 war axe (weapon)
Armour
 b - a +0 scale mail (worn)
 c - a +0 buckler (worn)
Scrolls
 g - 2 scrolls of identify {@r1}
 h - a scroll of amnesia {unknown}
Potions
 d - a potion of might
 e - 2 potions of curing
 f - a potion of heal wounds {unknown}


   Skills:
 + Level 4.1 Fighting
 + Level 3.5 Axes
 + Level 3.8 Armour
 + Level 3.8 Shields


You had 2 spell levels left.
You didn't know any spells.
Your spell library was empty.

Dungeon Overview and Level Annotations

Branches:
Dungeon (2/15)

Altars:


Message History

There are monsters nearby!
You barely miss the adder.
The adder is heavily wounded.
You slash the hobgoblin!
You kill the hobgoblin!
The adder bites you.
You are poisoned.
The adder poisons you! The adder barely misses you.
You closely miss the adder.
The adder is heavily wounded.
You feel sick. The adder bites you but does no damage. The adder bites you.
You are more poisoned.
The adder poisons you!
You hit the adder.
The adder is heavily wounded.
You feel very sick. The adder closely misses you.
You closely miss the adder.
The adder is heavily wounded.
You feel sick. The adder closely misses you. x2
You closely miss the adder.
The adder is heavily wounded.
You feel sick. The adder closely misses you. The adder barely misses you.
You barely miss the adder.
The adder is heavily wounded.
You feel sick. The adder barely misses you.
You closely miss the adder.
The adder is heavily wounded.
You feel sick.
The adder bites you but does no damage. x2
You barely miss the adder.
The adder is heavily wounded.
You feel sick.
You are no longer poisoned.
The adder bites you.
* * * LOW HITPOINT WARNING * * *
The adder bites you but does no damage.
You barely miss the adder.
The adder is heavily wounded.
The adder bites you.
You die...

.# .# #........# .#
#........# .#
#........# .#####
#........# ...#.#
#........# .....#
#........# ...#
#...†S...# ...#
#...@)...# ...#
##..###### ...##
#...# ....# ##..##
....#### #...#
.......# #.#.#
#..#.(.# ###.#.#####
#......###.........#
#..#......)........#


You could see an adder.

Vanquished Creatures
  2 adders (D:2)
  A worm (D:2)
  2 dart slugs (D:1)
  4 endoplasms
  A goblin (D:2)
  5 hobgoblins
  4 quokkas
  3 bats
  2 kobolds (D:2)
  4 rats
28 creatures vanquished.

Notes
Turn   | Place    | Note
-------+----------+-------------------------------------------
     0 | D:1      | leviel the Hill Orc Fighter began the quest for the Orb.
     0 | D:1      | Reached XP level 1. HP: 19/19 MP: 1/1
     0 | D:1      | Noticed a merfolk
     3 | D:1      | Noticed a demigod
     6 | D:1      | Noticed a tengu
     8 | D:1      | Noticed a troll
     9 | D:1      | Noticed a vine stalker
    11 | D:1      | Noticed a vampire
    11 | D:1      | Noticed a formicid
    13 | D:1      | Noticed a merfolk
    15 | D:1      | Noticed a minotaur
    15 | D:1      | Noticed an ogre
    17 | D:1      | Noticed a demigod
    17 | D:1      | Noticed a human
    19 | D:1      | Noticed a demonspawn
    19 | D:1      | Noticed an elf
   239 | D:1      | Found a faded altar of an unknown god.
   287 | D:1      | Reached XP level 2. HP: 23/27 MP: 2/2
  1240 | D:2      | Reached XP level 3. HP: 33/33 MP: 3/3
  1256 | D:2      | Reached skill level 4 in Fighting
  1619 | D:2      | Slain by an adder

Illustrated notes

Levels and vault maps discovered:
D:1:      shiori_arrival_whats_in_store_for_you, layout_basic,
          serial_co_window_serial, co_window_paths_b, co_window_paths_a,
          co_window_paths_a, co_window_paths_a, co_window_corner_a,
          co_window_corner_ca, co_window_unsneaky_path_d, co_window_corner_b,
          co_window_unsneaky_path_e, co_window_paths_d, co_window_4corner_b,
          glass_columns_c, glass_columns_a, glass_columns_a, glass_columns_a,
          chequers_ecumenical_altar_simple
D:2:      layout_rooms, serial_bayou_pond_e

Skill      XL: |  1  2  3 |
---------------+----------+-----
Axes           | 3 |  3.5
Fighting       | 4 |  4.1
Armour         | |  3.8
Shields        | |  3.8

Action                   || total
-------------------------++-------
Melee: War axe           ||    97
  Use: Scroll            ||     2
Armor: Scale mail        ||    61
Dodge: Dodged            ||    48
Block: Buckler           ||    21

Table legend: (Time is in decaauts)
 A = Elapsed time spent in this place.
 B = Non-inter-level travel time spent in this place.
 C = Inter-level travel time spent in this place.
 D = Time resting spent in this place.
 E = Time spent auto-exploring this place.
 F = Levels seen in this place.
 G = Mean time per level.
                   A        B        C        D        E       F      G
               +--------+--------+--------+--------+--------+-----+--------+
         Total |   1651 |   1597 |     54 |     80 |   1239 |   2 |  825.5 |
       Dungeon |   1651 |   1597 |     54 |     80 |   1239 |   2 |  825.5 |
               +--------+--------+--------+--------+--------+-----+--------+

Top non-repeatable levels by time:
     D:1: 1236 daAuts
     D:2: 415 daAuts
